 Dungeon Crawl Stone Soup version 0.24.1 (webtiles) character file.

Game seed: 4315880876369113363, levelgen mode: deterministic

2739 H0rd4k the Cutter (level 10, -9/74 HPs)
             Began as a Human Artificer on Apr 1, 2020.
             Was an Initiate of Gozag.
             Killed by divine providence
             ... invoked by an orc priest
              (11 damage)
             ... on level 8 of the Dungeon.
             The game lasted 00:14:50 (5950 turns).

H0rd4k the Cutter (Human Artificer)                 Turns: 5950, Time: 00:14:51

Health: -9/74      AC: 12    Str: 14    XL:     10   Next: 0%
Magic:  13/13      EV: 14    Int: 21    God:    Gozag
Gold:   650        SH:  0    Dex: 15    Spells: 6/9 levels left

rFire    . . .     SeeInvis .   L - +11 quarterstaff of Ebloc {flame, rF+ rC+ rN+ Int+4}
rCold    + + .     Gourm    .   (shield currently unavailable)
rNeg     + . .     Faith    .   y - +4 ring mail
rPois    .         Spirit   .   (no helmet)
rElec    .         Reflect  .   (no cloak)
rCorr    .         Harm     .   n - +2 pair of gloves
MR       .....                  (no boots)
Stlth    ++........             (no amulet)
HPRegen  0.22/turn              q - ring of ice
MPRegen  0.13/turn              A - +5 ring of intelligence

@: no status effects
A: no striking features
a: Potion Petition, Call Merchant, Bribe Branch, Renounce Religion


You were on level 8 of the Dungeon.
You worshipped Gozag.
Gozag was pleased with you.
You were not hungry.

You visited 1 branch of the dungeon, and saw 8 of its levels.

You collected 750 gold pieces.
You paid 100 gold pieces to Gozag.

Inventory:

Hand Weapons
 o - a +0 dagger of venom
 x - a +2 short sword of protection
 F - a +0 dagger of venom
 J - the +8 dagger "Byosheah" {drain, rF+ rN+ Dex+3}
   (You found it on level 5 of the Dungeon)

   A truly terrible weapon, it drains the life of those it strikes.
   It affects your dexterity (+3).
   It protects you from fire.
   It protects you from negative energy.
 L - the +11 quarterstaff of Ebloc (weapon) {flame, rF+ rC+ rN+ Int+4}
   (You found it on level 6 of the Dungeon)

   It has been specially enchanted to burn those struck by it, causing extra
   injury to most foes and up to half again as much damage against particularly
   susceptible opponents.
   It affects your intelligence (+4).
   It protects you from fire.
   It protects you from cold.
   It protects you from negative energy.
Armour
 b - a +0 leather armour
 n - a +2 pair of gloves (worn)
 y - a +4 ring mail (worn)
Jewellery
 q - a ring of ice (left hand)
 t - an uncursed ring of flight
 A - a +5 ring of intelligence (right hand)
 P - the amulet "Nerch" {Harm *Drain Int+3, unknown}
   (You found it on level 8 of the Dungeon)

   [amulet of harm]

   It increases damage dealt and taken.
   It affects your intelligence (+3).
   It causes draining when unequipped.
Wands
 a - a wand of disintegration (4)
 c - a wand of flame (34)
 d - a wand of enslavement (12)
 e - a wand of random effects (2)
 D - a wand of polymorph (9)
 M - a wand of paralysis (15)
Scrolls
 h - 4 scrolls of amnesia
 j - a scroll of blinking
 l - 5 scrolls of remove curse
 m - 5 scrolls of teleportation
 r - 3 scrolls of identify
 s - a scroll of fog {unknown}
 v - a scroll of enchant weapon {unknown}
 w - a scroll of random uselessness
 z - a scroll of magic mapping {unknown}
 H - 2 scrolls of fear {unknown}
 I - 2 scrolls of enchant armour {unknown}
 N - a scroll of vulnerability {unknown}
Potions
 g - 6 potions of curing
 i - 3 potions of heal wounds {unknown}
 k - a potion of degeneration {unknown}
 p - a potion of brilliance {unknown}
 u - 2 potions of magic {unknown}
 B - 2 potions of might {unknown}
 C - a potion of berserk rage
 E - a potion of lignification {unknown}
 G - a potion of resistance {unknown}
 K - 3 potions of agility
 O - a potion of cancellation {unknown}
Comestibles
 f - 21 rations


   Skills:
 + Level 5.0 Fighting
 + Level 6.9 Short Blades
 + Level 5.7 Staves
 - Level 1.1 Armour
 + Level 5.6 Dodging
 + Level 4.0 Stealth
 * Level 0.3 Spellcasting
 * Level 0.3 Conjurations
 * Level 0.2 Fire Magic
 + Level 4.6 Evocations


You had 6 spell levels left.
You knew the following spells:

 Your Spells              Type           Power        Failure   Level  Hunger
a - Conjure Flame         Conj/Fire      #.......     67%         3    ####...

Your spell library contained the following spells:

 Spells                   Type           Power        Failure   Level  Hunger
 Flame Tongue             Conj/Fire      #....        32%         1    ##.....
 Confusing Touch          Hex            #.....       34%         1    ##.....
 Throw Flame              Conj/Fire      #.....       43%         2    ###....
 Confuse                  Hex            #.......     71%         3    ####...
 Gell's Gravitas          Tloc           #.........   71%         3    ####...
 Inner Flame              Hex/Fire       #.......     71%         3    ####...
 Sticky Flame             Conj/Fire      #.......     97%         4    #####..
 Petrify                  Tmut/Erth      #.......     98%         4    #####..
 Fireball                 Conj/Fire      #.........   100%        5    ######.
 Metabolic Englaciation   Hex/Ice        #.........   100%        5    ######.
 Yara's Violent Unravell  Hex/Tmut       #.........   100%        5    ######.


Dungeon Overview and Level Annotations

Branches:
Dungeon (8/15)             Temple (0/1) D:7
   Lair: D:8-11

Altars:
Ashenzari
Gozag
Hepliaklqana
Yredelemnul
Zin
The Shining One

Annotations:
D:7 2 transporters, exclusion: downstairs, Destapler's ghost, novice MfVM


Message History

The orc warrior hits you with a +0 short sword. x2
You hit the orc warrior. You burn the orc warrior.
The orc warrior is almost dead.
The orc warrior hits you with a +0 short sword.
An orc comes into view. It is wielding a +0 trident.
The orc warrior barely misses you.
The orc shouts!
You sock the orc warrior! You burn the orc warrior.
The orc warrior is almost dead.
The orc warrior hits you with a +0 short sword!!
The orc priest miscasts a cantrip.
You closely miss the orc warrior.
The orc warrior is almost dead.
The orc warrior hits you with a +0 short sword!!
* * * LOW HITPOINT WARNING * * *
A centaur comes into view.
The orc priest calls down the wrath of Beogh upon you.
Beogh smites you!
You die...
Your body crumbles into a pile of gold.

c.## .. #..#
..... #o.##.....
####...#....
#.....$...####
####...o.........
.......o......#
####...@.....#
.....(.......#
####.........##
#.......>..#
#..........# ..
###..#........ .
#...>#.###.... .
#.#.##.# .... ###
####.#.##.# ###
..


You could see an orc warrior (berserk), a centaur (wandering), an orc priest and
an orc.

Vanquished Creatures
  A hippogriff (D:7)
  A spriggan (D:7)
  Sigmund (D:3)
  An orc warrior (D:8)
  2 phantoms
  2 necrophages
  5 ogres
  A centaur (D:7)
  A crocodile (D:8)
  2 bullfrogs (D:6)
  A scorpion (D:6)
  A howler monkey (D:7)
  5 crimson imps
  A bullfrog zombie (D:7)
  An orc priest (D:3)
  A centaur skeleton (D:4)
  2 hounds
  An orc wizard (D:3)
  A gnoll shaman (D:7)
  5 bullfrog skeletons
  Terence (D:3)
  3 iguanas
  4 worker ants
  A hound skeleton (D:7)
  A hound zombie (D:7)
  8 gnolls (D:7)
  9 adders
  A shadow imp (D:6)
  An ooze (D:2)
  3 adder zombies
  An adder skeleton (D:6)
  3 worms
  3 dart slugs
  6 leopard geckos
  10 orcs
  5 giant cockroaches
  7 goblins
  7 hobgoblins
  7 jackals (D:2)
  11 kobolds
  4 quokkas
  A ball python (D:7)
  6 bats
  3 frilled lizards
  9 rats
151 creatures vanquished.

Vanquished Creatures (collateral kills)
  An adder (D:5)
1 creature vanquished.

Grand Total: 152 creatures vanquished

Notes
Turn   | Place    | Note
-------+----------+-------------------------------------------
     0 | D:1      | H0rd4k the Human Artificer began the quest for the Orb.
     0 | D:1      | Reached XP level 1. HP: 15/15 MP: 3/3
    93 | D:1      | Reached XP level 2. HP: 17/21 MP: 4/4
   106 | D:1      | Found a shattered altar of Ashenzari.
   465 | D:1      | Reached XP level 3. HP: 24/26 MP: 5/5
   852 | D:2      | Reached skill level 1 in Armour
   852 | D:2      | Reached XP level 4. HP: 25/32 MP: 6/6
   900 | D:2      | Reached skill level 2 in Short Blades
  1191 | D:2      | Found a hazy altar of Hepliaklqana.
  1269 | D:2      | Found a glowing golden altar of the Shining One.
  1523 | D:3      | Reached XP level 5. HP: 17/37 MP: 7/7
  1782 | D:3      | Noticed Sigmund
  1788 | D:3      | Killed Sigmund
  1788 | D:3      | Reached skill level 3 in Short Blades
  1788 | D:3      | Reached XP level 6. HP: 44/44 MP: 8/8
  1889 | D:3      | Noticed Terence
  1893 | D:3      | Killed Terence
  2205 | D:3      | Reached XP level 7. HP: 45/50 MP: 10/10
  2241 | D:4      | Found a basalt altar of Yredelemnul.
  2326 | D:4      | Reached skill level 4 in Short Blades
  3188 | D:5      | Entered Level 5 of the Dungeon
  3287 | D:5      | Reached skill level 5 in Short Blades
  3397 | D:5      | Got an encrusted dagger
  3398 | D:5      | Identified the +8 dagger "Byosheah" {drain, rF+ rN+ Dex+3}
                  | (You found it on level 5 of the Dungeon)
  3465 | D:5      | Reached XP level 8. HP: 57/57 MP: 11/11
  3763 | D:5      | Found an opulent altar of Gozag.
  3919 | D:5      | Became a worshipper of Gozag Ym Sagoz the Greedy
  4174 | D:4      | Reached skill level 6 in Short Blades
  4174 | D:4      | Reached skill level 5 in Dodging
  4349 | D:6      | Found a glowing silver altar of Zin.
  4451 | D:6      | Found the +8 lance "Wyrmbane" {slay drac, rPois rF+ rC+
                  | AC+3}
  4488 | D:6      | Got a shimmering quarterstaff
  4489 | D:6      | Identified the +11 quarterstaff of Ebloc {flame, rF+ rC+
                  | rN+ Int+4} (You found it on level 6 of the Dungeon)
  4682 | D:6      | Reached XP level 9. HP: 55/65 MP: 12/12
  4749 | D:7      | Found a transporter.
  4797 | D:7      | Reached skill level 1 in Staves
  4898 | D:7      | Found a transporter.
  5064 | D:7      | Found a staircase to the Ecumenical Temple.
  5279 | D:7      | Noticed a hippogriff
  5296 | D:7      | Killed a hippogriff
  5296 | D:7      | Reached skill level 5 in Staves
  5360 | D:7      | Noticed Destapler's ghost (novice MfVM)
  5492 | D:8      | Reached skill level 5 in Fighting
  5840 | D:8      | Got a wavering tin amulet
  5848 | D:8      | Learned a level 3 spell: Conjure Flame
  5916 | D:8      | Reached XP level 10. HP: 74/74 MP: 13/13
  5950 | D:8      | HP: 2/74 [orc warrior/+0 short sword (25)]
  5950 | D:8      | Killed from afar by an orc priest

Levels and vault maps discovered:
D:1:      minmay_arrival_radiant_lines, layout_loops_ring, ashenzari_altar_1
D:2:      layout_basic, tso_oasis_becter, nicolae_overflow_crystal_walls
D:3:      layout_loops_ring, uniq_terence, uniq_sigmund
D:4:      layout_basic, lemuel_round_altar, first_ration
D:5:      layout_basic, nicolae_gozag_cash_rules_everything_around_me
D:6:      layout_rooms, marbit_many_paths
D:7:      layout_loops_ring, minmay_temple_entry_arrows,
          gammafunk_ghost_stat_death, the_bakery, grunt_tough_drop
D:8:      layout_rooms, lemuel_zombie_altar_kikubaaqudgha, kb_rosetta,
          uniq_erica

Skill      XL: |  1  2  3  4  5  6  7  8  9 |
---------------+----------------------------+-----
Armour         | 1 |  1.1
Short Blades   | 2 3 5 6 |  6.9
Dodging        | 3 4 5 |  5.6
Fighting       | 2 3 5 |  5.0
Evocations     | 4 |  4.6
Stealth        | 2 3 4 |  4.0
Staves         | 5 |  5.7
Spellcasting   | |  0.3
Conjurations   | |  0.3
Fire Magic     | |  0.2

Action                   |  1- 3 |  4- 6 |  7- 9 | 10-12 || total
-------------------------+-------+-------+-------+-------++-------
Melee: Short sword       |    57 |       |       |       ||    57
       Dagger            |    98 |   181 |   200 |       ||   479
       Quarterstaff      |       |       |   121 |     6 ||   127
Evoke: Wand              |     4 |    15 |    11 |     4 ||    34
  Use: Scroll            |       |       |     7 |       ||     7
 Stab: Sleeping          |       |     1 |     5 |       ||     6
       Distracted        |       |     1 |     1 |       ||     2
  Eat: Chunk             |       |     4 |     6 |       ||    10
       Ration            |       |       |     2 |       ||     2
Armor: Leather armour    |    69 |     6 |       |       ||    75
       Ring mail         |       |    44 |   106 |       ||   150
Dodge: Dodged            |   116 |    81 |   163 |     2 ||   362
